 Dungeon Crawl Stone Soup version 0.31.0-11-ge490571c62 (webtiles) character file.

Game seed: 15467197920656264243

117 qw the Shooter (level 4, -2/23 HPs)
             Began as a Spriggan Hunter on Feb 4, 2024.
             Slain by a gnoll
             ... wielding a +0 flail
              (9 damage)
             ... on level 3 of the Dungeon.
             The game lasted 00:00:06 (1214 turns).

qw the Shooter (Spriggan Hunter)                    Turns: 1214, Time: 00:00:06

Health: -2/23      AC:  2    Str:  6 (7)  XL:     4   Next: 71%
Magic:  5/5        EV: 24    Int:  7 (10) God:
Gold:   69         SH:  0    Dex: 17 (20) Spells: 3/3 levels left

rFire   + . .        a - +0 shortbow
rCold   . . .        (shield currently unavailable)
rNeg    . . .        c - +0 robe
rPois   .            (helmet restricted)
rElec   .            (no cloak)
rCorr   .            (gloves unavailable)
SInv    +            (boots unavailable)
Will    +....        (no amulet)
Stlth   ++           f - ring of protection from fire
HPRegen 0.23/turn    k - +5 ring of evasion
MPRegen 0.09/turn

%: no passive effects
@: enlightened, flying (expiring), very quick
A: very small, no large weapons, unfitting armour, see invisible, speed 3
a: no special abilities


You were on level 3 of the Dungeon.
You visited 1 branch of the dungeon, and saw 3 of its levels.

You collected 69 gold pieces.


Innate Abilities, Weirdness & Mutations

You are very small and have problems with some larger weapons.
You are too small for most types of armour.
You have supernaturally acute eyesight. (SInv)
You cover ground extremely quickly. (Speed+++)


   Skills:
 + Level 1.9 Fighting
 - Level 5.0 Ranged Weapons
 - Level 5.0 Dodging
 - Level 1.5 Stealth


You had 3 spell levels left.
You didn't know any spells.
Your spell library was empty.

Inventory:

Hand Weapons
 a - a +0 shortbow (weapon)
Armour
 c - a +0 robe (worn)
Jewellery
 f - a ring of protection from fire (left hand)
 k - a +5 ring of evasion (right hand)
Potions
 b - a potion of curing
 e - a potion of enlightenment
 l - a potion of haste {unknown}

Dungeon Overview and Level Annotations

Branches:
Dungeon (3/15)

Altars:
Ashenzari


Message History

You shoot an arrow. The arrow misses the quokka.
You shoot an arrow. The arrow closely misses the quokka.
The gnoll throws a throwing net.
The throwing net barely misses you.
You shoot an arrow. The arrow closely misses the quokka.
The quokka closely misses you.
You shoot an arrow. The arrow misses the quokka.
The quokka completely misses you. x2
You shoot an arrow. The arrow closely misses the quokka.
The quokka completely misses you.
You shoot an arrow. The arrow closely misses the quokka.
The quokka closely misses you.
You shoot an arrow. The arrow hits the gnoll.
The gnoll is lightly wounded.
The quokka completely misses you. x2
You shoot an arrow. The arrow hits the gnoll.
The gnoll is heavily wounded.
The gnoll completely misses you. The gnoll closely misses you.
The gnoll barely misses you. The quokka misses you.
You shoot an arrow. The arrow hits the gnoll.
You kill the gnoll!
The gnoll hits you from afar with a +0 halberd!
The gnoll misses you. The quokka bites you.
You shoot an arrow. The arrow hits the gnoll.
The gnoll is lightly wounded.
The quokka completely misses you. The gnoll closely misses you.
The gnoll misses you. The gnoll completely misses you.
The quokka completely misses you. The gnoll completely misses you. x3
You shoot an arrow. The arrow hits the gnoll.
The gnoll is moderately wounded.
The quokka bites you. The gnoll closely misses you. x2
The gnoll completely misses you.
You shoot an arrow. The arrow hits the gnoll.
The gnoll is heavily wounded.
The quokka completely misses you. The gnoll completely misses you.
The gnoll hits you with a +0 whip. The gnoll closely misses you.
You shoot an arrow. The arrow hits the gnoll.
The gnoll is almost dead.
You are starting to lose your buoyancy.
The quokka barely misses you. The gnoll hits you with a +0 flail!
You die...

.. ... . ..$.
.#
....#########.#
..............#
..............#
......gg......#
.....gr@......#
.......(......#
.........<....#
...#....%.....#
.. #..........#
# #.|........#
############


You could see 3 gnolls and a quokka.

Vanquished Creatures
  4 gnolls
  2 adders (D:2)
  2 ribbon worms
  5 ball pythons
  7 endoplasms
  5 giant cockroaches
  3 goblins
  5 hobgoblins
  5 jackals (D:1)
  A quokka (D:1)
  4 bats (D:1)
  2 frilled lizards
  3 kobolds
  A rat (D:1)
49 creatures vanquished.

Notes
Turn   | Place    | Note
-------+----------+-------------------------------------------
     0 | D:1      | qw the Spriggan Hunter began the quest for the Orb.
     0 | D:1      | Reached XP level 1. HP: 10/10 MP: 2/2
     0 | D:1      | 0 ||| qw: Version: 0.3-a-160-g6735b56
     0 | D:1      | 0 ||| qw: Game counter: 6106
     0 | D:1      | 0 ||| qw: Melee chars always use a shield: true
     0 | D:1      | 0 ||| qw: God list: Okawaru
     0 | D:1      | 0 ||| qw: Allow faded altars: false
     0 | D:1      | 0 ||| qw: Do Orc after clearing Dungeon:15 true
     0 | D:1      | 0 ||| qw: Do second Lair branch before Depths: true
     0 | D:1      | 0 ||| qw: Lair rune preference: random
     0 | D:1      | 0 ||| qw: Goals: Normal
     0 | D:1      | 0 ||| PLANNING D:1-11
    34 | D:1      | Reached skill level 3 in Dodging
    84 | D:1      | Reached XP level 2. HP: 11/14 MP: 3/3
   113 | D:1      | HP: 3/14 [frozen (5)]
   436 | D:1      | Reached XP level 3. HP: 18/18 MP: 4/4
   575 | D:1      | 575 ||| UPGRADING to ring of protection from fire.
   576 | D:1      | 576 ||| READING scroll labelled FYEWUI KOKK.
   576 | D:1      | 576 ||| IDENTIFYING 3 scrolls labelled PYW IHINKOITASS
   577 | D:1      | 577 ||| DROPPING scroll of butterflies.
   578 | D:1      | 578 ||| DROPPING 3 scrolls of fog.
   625 | D:2      | 625 ||| RETREEEEATING.
   628 | D:2      | 628 ||| RETREEEEATING.
   642 | D:2      | Reached XP level 4. HP: 9/22 MP: 5/5
   748 | D:2      | Found a broken altar of Ashenzari.
  1162 | D:2      | 1162 ||| DROPPING +6 ring of intelligence.
  1163 | D:2      | 1163 ||| UPGRADING to +5 ring of evasion.
  1164 | D:2      | 1164 ||| READING scroll of identify.
  1164 | D:2      | 1164 ||| IDENTIFYING emerald potion
  1165 | D:2      | 1165 ||| READING scroll labelled VILOH VENTUTULL.
  1166 | D:2      | 1166 ||| READING scroll labelled ARGHEU OMIR.
  1167 | D:2      | 1167 ||| DRINKING 2 fuming green potions.
  1168 | D:2      | 1168 ||| DRINKING 2 bubbling yellow potions.
  1169 | D:2      | 1169 ||| DROPPING potion of degeneration.
  1214 | D:3      | Slain by a gnoll

Levels and vault maps discovered:
D:1:      minmay_arrival_four_houses, layout_loops_ring
D:2:      layout_rooms, serial_forest, infiniplex_forest_clump_large,
          infiniplex_forest_corner_1, infiniplex_forest_end_double,
          infiniplex_forest_lined_2, basic_altar
D:3:      layout_rooms, nicolae_overflow_hidden_temple, serial_shops, shop

Skill      XL: |  1  2  3  4 |
---------------+-------------+-----
Dodging        | 3 4 5 |  5.0
Ranged Weapons | 5 |  5.0
Fighting       | |  1.9
Stealth        | |  1.5

Action                     |  1- 3 |  4- 6 || total
---------------------------+-------+-------++-------
   Fire: Shortbow          |   101 |    65 ||   166
    Use: Scroll            |     1 |     3 ||     4
         Potion            |       |     2 ||     2
 Armour: Robe              |    12 |     5 ||    17
  Dodge: Dodged            |    57 |    41 ||    98

Table legend:
 A = Non-vault XP
 B = Vault XP
 C = Vault XP percentage of total XP
 D = Non-vault monster count
 E = Vault monster count
 F = Vault count percentage of total count
                 A         B        C        D         E       F
            +---------+---------+-------+---------+---------+-------
      Total |     168 |       0 |   0.0 |      49 |       0 |   0.0
            +---------+---------+-------+---------+---------+-------
        D:1 |      50 |       0 |   0.0 |      27 |       0 |   0.0
        D:2 |      98 |       0 |   0.0 |      19 |       0 |   0.0
        D:3 |      20 |       0 |   0.0 |       3 |       0 |   0.0
            +---------+---------+-------+---------+---------+-------
